[Event "Titled Tuesday Blitz December 06 Early 2022"]
[White "Grot, Blazej"]
[Black "Chernov, Mikhail"]
[WhiteFideId "21835845"]
[BlackFideId "24143170"]
[WhiteElo "1823"]
[BlackElo "2113"]
[Result "0-1"]
[Round "07"]
[TimeControl "180+1"]
[Date "2022.12.07"]
[WhiteClock "0:00:05"]
[BlackClock "0:00:06"]

1. e4 c5 2. Nc3 Nc6 3. Bb5 Nd4 4. Nf3 Nxb5 5. Nxb5 a6 6. Nc3 b5 7. d4 cxd4 8. Qxd4 d6 9. O-O e6 10. Be3 Nf6 11. Rad1 Be7 12. e5 dxe5 13. Qxe5 Qa5 14. a4 O-O 15. axb5 axb5 16. Qxb5 Qxb5 17. Nxb5 Ba6 18. c4 Bxb5 19. cxb5 Nd5 20. Nd4 Nxe3 21. fxe3 Ra2 22. Rb1 Bf6 23. Nc6 Bd8 24. Rfc1 Bb6 25. Rc3 f6 26. Ra3 Ra8 27. Rxa8+ Rxa8 28. Kf2 Kf7 29. Ke2 e5 30. Kd3 Ke6 31. b3 Ra2 32. Nb4 Rxg2 33. Rc1 Kf5 34. Nd5 Ba5 35. b4 Rb2 36. bxa5 Rxb5 37. Kc4 Rxa5 38. Rf1+ Ke4 39. Nc3+ Kxe3 40. Nd5+ Ke2 41. Rg1 Ra7 42. Nc3+ Kf2 43. Rd1 h5 44. Rd2+ Kf3 45. Nd5 h4 46. Rd3+ Kg2 47. Rd2+ Kh3 48. Ne3 g5 49. Nf5 Ra3 50. Kd5 Rf3 51. Ke4 Rf4+ 52. Ke3 Rxf5 53. Rd8 Kxh2 54. Ke4 Rf4+ 55. Ke3 h3 56. Rg8 Kg2 57. Rh8 h2 58. Ke2 h1=Q 59. Rh2+ Qxh2 0-1


[Site "https://www.chess.com"]

[Event "Titled Tuesday Blitz December 06 Early 2022"]
[White "Guzman Moneo, Alberto"]
[Black "Sargsyan, Anna M."]
[WhiteFideId "2209616"]
[BlackFideId "13308130"]
[WhiteElo "2339"]
[BlackElo "2630"]
[Result "0-1"]
[Round "07"]
[TimeControl "180+1"]
[Date "2022.12.07"]
[WhiteClock "0:00:02"]
[BlackClock "0:00:11"]

1. c4 c6 2. Nf3 d5 3. e3 Nf6 4. d4 Bg4 5. Qb3 Qb6 6. Ne5 Bf5 7. Nc3 e6 8. c5 Qc7 9. Qa4 Nbd7 10. f4 Be7 11. b4 O-O 12. Qb3 a5 13. b5 a4 14. Nxa4 Qa5+ 15. Nc3 Nxe5 16. fxe5 Ne4 17. Bb2 b6 18. cxb6 cxb5 19. Qxb5 Bb4 20. Qxa5 Bxa5 21. Rc1 Rac8 22. b7 Rc7 23. Ba6 Nxc3 24. Kf2 Rb8 25. Bxc3 Bxc3 26. a4 Kf8 27. h3 Ke7 28. g4 Be4 29. Rh2 Rc6 30. Bb5 Rc7 31. Ba6 f6 32. exf6+ gxf6 33. Kg3 e5 34. g5 fxg5 35. h4 g4 36. Kxg4 exd4 37. exd4 Kd6 38. Kh5 Rg8 39. Rxc3 Rxc3 40. Kh6 Rc6 41. Bb5 Rc7 42. h5 Re7 43. Rf2 Re6+ 0-1


[Site "https://www.chess.com"]

[Event "Titled Tuesday Blitz December 06 Early 2022"]
[White "Harikrishna, Pentala"]
[Black "Corrales Jimenez, Fidel"]
[WhiteFideId "5007003"]
[BlackFideId "3506690"]
[WhiteElo "2617"]
[BlackElo "2541"]
[Result "1-0"]
[Round "07"]
[TimeControl "180+1"]
[Date "2022.12.06"]
[WhiteClock "0:00:10"]
[BlackClock "0:00:18"]

1. Nf3 c5 2. c4 Nc6 3. Nc3 Nf6 4. g3 g6 5. Bg2 Bg7 6. d4 d6 7. O-O Bd7 8. dxc5 dxc5 9. Bf4 O-O 10. Ne5 Nxe5 11. Bxe5 Qc8 12. Qb3 Bc6 13. Rad1 Bxg2 14. Kxg2 Qc6+ 15. f3 Rfd8 16. Bxf6 Bxf6 17. Nd5 Kg7 18. Rd3 e6 19. Nxf6 Kxf6 20. Rfd1 Ke7 21. h4 h5 22. Qc3 Qc7 23. Qa3 b6 24. Qc3 Rxd3 25. Qxd3 Rd8 26. Qxd8+ Qxd8 27. Rxd8 Kxd8 28. g4 Ke7 29. Kg3 e5 30. gxh5 gxh5 31. e4 Kd6 32. Kf2 b5 33. cxb5 c4 34. Ke3 Kc5 35. Kd2 Kxb5 36. Kc3 Kc5 37. b3 cxb3 38. axb3 a6 39. b4+ Kb6 40. Kc4 Kc6 41. Kc3 Kb5 42. Kb3 f6 43. Kc3 Ka4 44. Kc4 Ka3 45. b5 axb5+ 46. Kxb5 Kb3 47. Kc5 Kc3 48. Kd5 Kd3 49. Ke6 Ke3 50. Kxf6 Kf4 51. Kg6 Kxf3 52. Kf5 Kg3 53. Kxe5 Kxh4 54. Kf4 Kh3 55. e5 h4 56. Kf3 Kh2 57. e6 h3 58. e7 Kg1 59. e8=Q h2 60. Qe1# 1-0


[Site "https://www.chess.com"]

[Event "Titled Tuesday Blitz December 06 Early 2022"]
[White "Herman, Daniel"]
[Black "Matveeva, Olga"]
[WhiteFideId "30935008"]
[BlackFideId "24107018"]
[WhiteElo "2488"]
[BlackElo "2328"]
[Result "0-1"]
[Round "07"]
[TimeControl "180+1"]
[Date "2022.12.07"]
[WhiteClock "0:00:09"]
[BlackClock "0:00:06"]

1. d4 Nf6 2. c4 e6 3. Nc3 Bb4 4. e3 O-O 5. Bd3 d5 6. cxd5 exd5 7. Ne2 Re8 8. O-O Bg4 9. Qb3 Nc6 10. Nf4 Be6 11. Bd2 Rb8 12. Rac1 Bd6 13. Nxe6 fxe6 14. f4 Ne7 15. Nb5 Nf5 16. Qc2 g6 17. Kh1 c6 18. Nc3 Rc8 19. Rg1 Bf8 20. g4 Nd6 21. g5 Nd7 22. Na4 Bg7 23. Bb4 Nf5 24. Qd2 Nb6 25. Nc5 Qc7 26. a4 Nd7 27. Ba3 Nxc5 28. Bxc5 b6 29. Ba3 Qd7 30. b4 Qd6 31. Rc2 a5 32. Rgc1 axb4 33. Bxb4 Qd7 34. a5 bxa5 35. Bxa5 Ra8 36. Bb6 Rac8 37. Bc5 Qb7 38. Rb2 Qd7 39. Rcb1 Rc7 40. Bb6 Rb7 41. Bc5 Rxb2 42. Rxb2 Rc8 43. Ba6 Ra8 44. Bb7 Rb8 45. Qb4 Bf8 46. Bxf8 Rxf8 47. Qc3 Rb8 48. Qb4 Qc7 49. Qb6 Qxb6 50. Rxb6 Nxe3 51. Kg1 Nf5 52. Rxc6 Rxb7 53. Rxe6 Nxd4 54. Rd6 Rb5 55. Kf2 Nf5 56. Rd7 d4 57. Kf3 Rb3+ 58. Ke4 Re3+ 59. Kd5 d3 60. Kc6 Ne7+ 61. Kc7 Nf5 62. Kd8 h5 63. gxh6 Nxh6 64. h4 Nf5 65. Rd6 Nxd6 0-1


[Site "https://www.chess.com"]

[Event "Titled Tuesday Blitz December 06 Early 2022"]
[White "Hirneise, Jens"]
[Black "Yaran, Siar"]
[WhiteFideId "24614734"]
[BlackFideId "6323006"]
[WhiteElo "2482"]
[BlackElo "2639"]
[Result "0-1"]
[Round "07"]
[TimeControl "180+1"]
[Date "2022.12.07"]
[WhiteClock "0:00:02"]
[BlackClock "0:00:40"]

1. e4 e5 2. Nf3 Nc6 3. Be2 Nf6 4. d3 d5 5. Nbd2 b6 6. O-O Bb7 7. Re1 Be7 8. c3 Qd7 9. Bf1 O-O-O 10. a4 a5 11. Qc2 h6 12. exd5 Qxd5 13. Nc4 Bd6 14. b4 axb4 15. cxb4 Bxb4 16. Rxe5 Nxe5 17. Nxb6+ Kb8 18. Nxd5 Nxf3+ 19. gxf3 Nxd5 20. Rb1 c5 21. d4 Rd6 22. Bd3 cxd4 23. Bd2 Rc8 24. Qb2 Rc3 25. Bxc3 dxc3 26. Qe2 Re6 27. Qc2 Ba5 28. Be4 Re5 29. Rxb7+ Kxb7 30. Qb3+ Kc6 31. Qb5+ Kd6 32. Qxa5 f5 33. Qd8+ Kc5 0-1


[Site "https://www.chess.com"]

[Event "Titled Tuesday Blitz December 06 Early 2022"]
[White "Hoffmann, Asa"]
[Black "Mihailidis, Anastasios"]
[WhiteFideId "2001470"]
[BlackFideId "4205588"]
[WhiteElo "2117"]
[BlackElo "2312"]
[Result "0-1"]
[Round "07"]
[TimeControl "180+1"]
[Date "2022.12.07"]
[WhiteClock "0:00:17"]
[BlackClock "0:00:07"]

1. d4 d5 2. Bg5 h6 3. Bh4 Qd6 4. Qd2 Nf6 5. Bg3 Qd8 6. Nc3 c6 7. f3 e6 8. e4 Be7 9. Bd3 Bd7 10. Nge2 a5 11. a3 O-O 12. O-O c5 13. exd5 Nxd5 14. Nxd5 exd5 15. dxc5 Bxc5+ 16. Kh1 Nc6 17. Rad1 Be6 18. f4 Bg4 19. h3 Bxe2 20. Qxe2 Qe7 21. Qg4 Bd4 22. Rde1 Qd8 23. c3 Bf6 24. Qh5 Qd7 25. Bh4 Bxh4 26. Qxh4 Rae8 27. f5 Rxe1 28. Rxe1 Re8 29. Rxe8+ Qxe8 30. f6 Qd8 31. Qh5 Qxf6 32. Qxd5 Qe5 33. Qxe5 Nxe5 34. Be4 b6 35. Bd5 Kf8 36. Kg1 Nd3 37. b4 Ke7 38. Kf1 f6 39. g3 Kd6 40. Bf7 Ne5 41. Bb3 axb4 42. axb4 Nf3 43. Kf2 Nd2 44. Bc2 Kd5 45. Ke3 Nc4+ 46. Kf4 g5+ 47. Kg4 Ne3+ 48. Kh5 Nxc2 49. Kxh6 Ne3 50. Kg6 Ke5 51. h4 gxh4 52. gxh4 f5 53. Kg5 f4 54. h5 Nf5 55. Kg4 Ke4 56. c4 Nh6+ 57. Kh3 f3 58. c5 bxc5 59. bxc5 Ke3 60. Kg3 f2 61. Kg2 Ke2 62. c6 f1=Q+ 63. Kg3 Qc1 0-1


[Site "https://www.chess.com"]

[Event "Titled Tuesday Blitz December 06 Early 2022"]
[White "Hristodoulou, Panagiotis"]
[Black "Zhigalko, Sergei"]
[WhiteFideId "4214340"]
[BlackFideId "13502956"]
[WhiteElo "2272"]
[BlackElo "2662"]
[Result "0-1"]
[Round "07"]
[TimeControl "180+1"]
[Date "2022.12.06"]
[WhiteClock "0:00:04"]
[BlackClock "0:00:03"]

1. e4 c5 2. Nf3 Nc6 3. d4 cxd4 4. Nxd4 Nf6 5. Nc3 e5 6. Ndb5 d6 7. Bg5 a6 8. Na3 b5 9. Bxf6 gxf6 10. Nd5 Bg7 11. c3 f5 12. exf5 Bxf5 13. Nc2 Be6 14. Nce3 Ne7 15. g3 Nxd5 16. Nxd5 O-O 17. Bg2 a5 18. O-O Rb8 19. Qd2 f5 20. Rad1 Kh8 21. f4 e4 22. a3 Qd7 23. Kh1 Qf7 24. Rfe1 Rfc8 25. Ne3 d5 26. Nc2 b4 27. axb4 axb4 28. Nxb4 d4 29. cxd4 Rc4 30. d5 Bd7 31. Nc6 Rxb2 32. Qa5 Rcc2 33. Rg1 h6 34. Ne5 Qh5 35. Qd8+ Be8 36. Rde1 Kh7 37. d6 Qh3 38. Qh4 Qxh4 39. gxh4 Rd2 40. Rd1 Bxe5 41. fxe5 Bd7 42. Rxd2 Rxd2 43. Rc1 Kg6 44. Bh3 e3 45. Kg1 Kf7 46. Rc7 Ke6 47. Bxf5+ Kxf5 48. Rxd7 Rd1+ 49. Kg2 e2 50. Rf7+ Ke4 0-1


[Site "https://www.chess.com"]

[Event "Titled Tuesday Blitz December 06 Early 2022"]
[White "Ibarra Jerez, Jose Carlos"]
[Black "Bazarov, Konstantin"]
[WhiteFideId "2226332"]
[BlackFideId "4137000"]
[WhiteElo "2795"]
[BlackElo "2593"]
[Result "1-0"]
[Round "07"]
[TimeControl "180+1"]
[Date "2022.12.07"]
[WhiteClock "0:00:12"]
[BlackClock "0:00:10"]

1. Nf3 Nf6 2. g3 b6 3. Bg2 Bb7 4. c4 e6 5. O-O g6 6. d3 d5 7. Nc3 Bg7 8. Qc2 O-O 9. e4 c5 10. e5 Ng4 11. Re1 Nc6 12. Bf4 Nb4 13. Qe2 dxc4 14. dxc4 Qd3 15. Rad1 Qxe2 16. Rxe2 Rfd8 17. Red2 Rxd2 18. Rxd2 Re8 19. Rd7 Bxf3 20. Bxf3 Nxe5 21. Bxe5 Bxe5 22. a3 Bxc3 23. bxc3 Nc2 24. Rxa7 Rd8 25. Bc6 Kg7 26. a4 Na3 27. Bb5 Kf6 28. Rb7 Nxb5 29. cxb5 Ra8 30. Rxb6 Rxa4 31. Ra6 Rc4 32. Ra3 Ke7 33. f3 Kd6 34. Kf2 e5 35. Ke3 f5 36. Kd3 Kd5 37. Ra8 e4+ 38. fxe4+ fxe4+ 39. Kc2 e3 40. b6 Kc6 41. Kd3 e2 42. Re8 Ra4 43. Rxe2 Kxb6 44. Re7 Ra7 45. Rxa7 Kxa7 46. Kc4 Kb6 47. Kd5 Kb5 48. h3 Kb6 49. c4 h6 50. g4 g5 51. Kd6 Kb7 52. Kxc5 Kc7 53. Kd5 Kd7 54. Ke5 Kc7 55. Kf5 Kc6 56. Kg6 Kc5 57. Kxh6 Kxc4 58. Kxg5 Kd5 59. h4 Ke6 60. Kg6 Ke5 61. g5 Kf4 62. h5 Kg4 63. h6 Kf4 64. h7 1-0


[Site "https://www.chess.com"]

[Event "Titled Tuesday Blitz December 06 Early 2022"]
[White "Ismayil, Malak"]
[Black "Nugumanov, Bakhtiyar"]
[WhiteFideId "13412604"]
[BlackFideId "13701797"]
[WhiteElo "2505"]
[BlackElo "2377"]
[Result "1-0"]
[Round "07"]
[TimeControl "180+1"]
[Date "2022.12.07"]
[WhiteClock "0:00:15"]
[BlackClock "0:00:06"]

1. e4 c5 2. Nf3 Nc6 3. Bb5 g6 4. Bxc6 dxc6 5. h3 Bg7 6. d3 Nf6 7. Nc3 Nd7 8. Be3 e5 9. Qd2 h6 10. Nh2 b6 11. O-O Nf8 12. f4 exf4 13. Bxf4 Ne6 14. Be3 Nd4 15. Rf2 Be6 16. Raf1 Qd7 17. Nf3 O-O-O 18. a4 c4 19. Rd1 cxd3 20. cxd3 Nxf3+ 21. Rxf3 Bb3 22. Rdf1 Qxd3 23. Qf2 Bxc3 24. bxc3 Qxe4 25. a5 c5 26. axb6 axb6 27. Bxc5 bxc5 28. Qxc5+ Kb8 29. Rxf7 Bxf7 30. Rxf7 Qb7 31. Qe5+ Ka8 32. Rxb7 Kxb7 33. Qg7+ Kb8 34. Qxg6 Rhg8 35. Qxh6 Rd1+ 36. Kh2 Rdd8 37. c4 Rc8 38. c5 Ka8 39. Qa6+ Kb8 40. c6 Rc7 41. Qb6+ Kc8 42. h4 Rg6 43. h5 Rgxc6 44. Qd4 Rc5 45. g4 Rc2+ 46. Kh3 R2c3+ 47. Kh4 R3c4 48. Qh8+ Kb7 49. Qg8 Rd4 50. h6 Rcc4 51. h7 Rc1 52. h8=Q Rh1+ 53. Kg5 1-0


[Site "https://www.chess.com"]

[Event "Titled Tuesday Blitz December 06 Early 2022"]
[White "Itgelt, Khuyagtsogt"]
[Black "Tanenbaum, Zachary"]
[WhiteFideId "4902912"]
[BlackFideId "2060850"]
[WhiteElo "2618"]
[BlackElo "2769"]
[Result "0-1"]
[Round "07"]
[TimeControl "180+1"]
[Date "2022.12.07"]
[WhiteClock "0:00:26"]
[BlackClock "0:01:55"]

1. d4 d5 2. c4 dxc4 3. e3 e5 4. Bxc4 Nc6 5. Nf3 e4 6. Nfd2 Qg5 7. g3 Qg6 8. Nc3 Nf6 9. h3 Bd6 10. Nb5 O-O 11. Nxd6 cxd6 12. a3 d5 13. Be2 Bd7 14. Kf1 h5 15. Kg2 Ne7 16. Kh2 Qf5 17. Qf1 Rac8 18. Bd1 Rc7 19. Nb1 Rxc1 0-1


[Site "https://www.chess.com"]

[Event "Titled Tuesday Blitz December 06 Early 2022"]
[White "Kaplan, Avi Harrison"]
[Black "Shapiro, Daniel"]
[WhiteFideId "30934559"]
[BlackFideId "2001780"]
[WhiteElo "1983"]
[BlackElo "2295"]
[Result "0-1"]
[Round "07"]
[TimeControl "180+1"]
[Date "2022.12.07"]
[WhiteClock "0:00:03"]
[BlackClock "0:00:11"]

1. d4 Nf6 2. Nc3 d5 3. Bf4 c6 4. e3 e6 5. Nf3 Bb4 6. Bd3 Qa5 7. Qd2 Nbd7 8. a3 Ne4 9. Bxe4 dxe4 10. Ng5 Nf6 11. O-O Bxc3 12. Qxc3 Qd5 13. b3 O-O 14. Qb2 Nh5 15. c4 Qf5 16. Nh3 Nxf4 17. Nxf4 f6 18. Rfd1 e5 19. dxe5 fxe5 20. Nh3 Qh5 21. Rd6 Bxh3 22. gxh3 Rf5 23. Kf1 Qxh3+ 24. Ke1 Qxh2 25. Qe2 Raf8 26. Ra2 Rg5 27. f4 Rg1+ 28. Kd2 Rg2 29. Kd1 Rxe2 30. Rxe2 Qh1+ 31. Kd2 exf4 32. exf4 Qf3 33. Re6 Qxf4+ 34. Ke1 Qc1# 0-1


[Site "https://www.chess.com"]

[Event "Titled Tuesday Blitz December 06 Early 2022"]
[White "Kazakouski, Valery"]
[Black "Bok, Benjamin"]
[WhiteFideId "13507443"]
[BlackFideId "1017063"]
[WhiteElo "2516"]
[BlackElo "2658"]
[Result "0-1"]
[Round "07"]
[TimeControl "180+1"]
[Date "2022.12.06"]
[WhiteClock "0:00:01"]
[BlackClock "0:00:03"]

1. Nf3 d5 2. c4 e6 3. b3 d4 4. e3 c5 5. exd4 cxd4 6. g3 Nc6 7. Bg2 Nf6 8. O-O Bd6 9. d3 h6 10. Na3 O-O 11. Nc2 e5 12. Ba3 Bxa3 13. Nxa3 Bf5 14. Nc2 a5 15. a3 Re8 16. Re1 Qd6 17. Rb1 Nd7 18. b4 axb4 19. axb4 Bh7 20. c5 Qc7 21. Rb3 b6 22. cxb6 Nxb6 23. Nd2 Rab8 24. Qa1 Ne7 25. Na3 Ned5 26. Nac4 Nc3 27. Nxb6 Rxb6 28. Ne4 Bxe4 29. Bxe4 Reb8 30. Qa5 Qd6 31. Bg2 Rb5 32. Qa3 g6 33. h4 Kg7 34. Kh2 R8b6 35. Qa7 Rxb4 36. Rxb4 Rxb4 37. Ra1 Rb2 38. Kg1 Qf6 39. Rf1 Rd2 40. h5 gxh5 41. Qd7 h4 42. Qg4+ Qg5 43. Qf3 h5 44. gxh4 Qxh4 45. Re1 Qg5 46. Kh1 Qg4 47. Qxg4+ hxg4 48. Rxe5 Rxf2 49. Rg5+ Kf6 50. Rxg4 Ke5 51. Kg1 Rd2 52. Bf1 Nd1 53. Re4+ Kd5 54. Bg2 Kc5 55. Re7 f5 56. Re5+ Kb4 57. Rxf5 Rxd3 58. Rf8 Ne3 59. Be4 Rd2 60. Rc8 Re2 61. Bf3 Rd2 62. Kh1 Rf2 63. Be4 Rf4 64. Bd3 Rf2 65. Be4 Rd2 66. Rb8+ Kc5 67. Rc8+ Kd6 68. Kg1 Ke5 69. Re8+ Kf4 70. Bh7 Rg2+ 71. Kh1 Rg7 72. Rf8+ Kg3 73. Be4 Re7 74. Bd3 Ng4 75. Rg8 Re1+ 0-1


[Site "https://www.chess.com"]

[Event "Titled Tuesday Blitz December 06 Early 2022"]
[White "Korchmar, Vasiliy"]
[Black "Salem, A.R. Saleh"]
[WhiteFideId "24131750"]
[BlackFideId "9301348"]
[WhiteElo "2370"]
[BlackElo "2633"]
[Result "0-1"]
[Round "07"]
[TimeControl "180+1"]
[Date "2022.12.06"]
[WhiteClock "0:00:02"]
[BlackClock "0:01:10"]

1. e4 c5 2. Nf3 Nc6 3. d4 cxd4 4. Nxd4 Nf6 5. Nc3 e5 6. Ndb5 d6 7. Nd5 Nxd5 8. exd5 Nb8 9. a4 Be7 10. Be2 O-O 11. O-O Nd7 12. f4 a6 13. Na3 a5 14. Kh1 exf4 15. Bxf4 Nc5 16. Nc4 b6 17. c3 Ba6 18. b4 Ne4 19. Qd4 Bxc4 20. Bxc4 f5 21. Be3 Rb8 22. Qd3 Rc8 23. Bd4 g6 24. Ba6 Rb8 25. g4 Bf6 26. gxf5 Bxd4 27. Qxd4 Qh4 28. Rf3 Rxf5 29. Rxf5 Ng3+ 30. Kg2 Qxd4 31. cxd4 Nxf5 32. bxa5 bxa5 33. Rc1 Kg7 34. Rc7+ Kh6 35. Ra7 Rb2+ 36. Kh3 Rb3+ 37. Kg2 Nxd4 38. Bc8 Rc3 39. Bd7 Nb3 40. Ra6 Rc2+ 41. Kg3 Nc5 0-1


[Site "https://www.chess.com"]

[Event "Titled Tuesday Blitz December 06 Early 2022"]
[White "Kravtsiv, Martyn"]
[Black "Han, Yichen"]
[WhiteFideId "14113147"]
[BlackFideId "1054430"]
[WhiteElo "2695"]
[BlackElo "2323"]
[Result "1-0"]
[Round "07"]
[TimeControl "180+1"]
[Date "2022.12.06"]
[WhiteClock "0:01:26"]
[BlackClock "0:00:39"]

1. e4 e5 2. Nf3 Nc6 3. Nc3 Nf6 4. a4 Bb4 5. Bd3 O-O 6. O-O d6 7. Nd5 Bc5 8. c3 a5 9. Bc2 Ba7 10. d4 h6 11. Be3 Bg4 12. Qd3 Bh5 13. Nxf6+ Qxf6 14. d5 Ne7 15. Nd2 Ng6 16. g3 Bg4 17. Bxa7 Rxa7 18. Qe3 Raa8 19. f4 exf4 20. gxf4 Rae8 21. Rae1 Bd7 22. Qg3 Qh4 23. Nc4 b6 24. Ne3 Bc8 25. Nf5 Bxf5 26. exf5 Qxg3+ 27. hxg3 Ne7 28. c4 1-0


[Site "https://www.chess.com"]

[Event "Titled Tuesday Blitz December 06 Early 2022"]
[White "Kuchava, Ana"]
[Black "Vaibhav, Suri"]
[WhiteFideId "13605348"]
[BlackFideId "5045185"]
[WhiteElo "2226"]
[BlackElo "2721"]
[Result "0-1"]
[Round "07"]
[TimeControl "180+1"]
[Date "2022.12.07"]
[WhiteClock "0:00:03"]
[BlackClock "0:00:57"]

1. d4 Nf6 2. Nf3 g6 3. c4 Bg7 4. Nc3 O-O 5. e4 d6 6. Be2 e5 7. O-O Bg4 8. dxe5 Bxf3 9. Bxf3 dxe5 10. Qxd8 Rxd8 11. Bg5 c6 12. Rad1 Na6 13. Rxd8+ Rxd8 14. Rd1 Rxd1+ 15. Bxd1 Nc5 16. Bxf6 Bxf6 17. Bg4 Bg5 18. Bc8 a5 19. b3 b6 20. f3 Kf8 21. Na4 Nd3 22. Nxb6 Be3+ 23. Kf1 Bxb6 24. Ke2 Nc1+ 25. Kd2 Nxa2 26. Bb7 Nb4 27. Bc8 Ke7 28. h4 h5 29. g4 Bf2 30. gxh5 gxh5 31. Bf5 Bxh4 32. Kc3 Be1+ 0-1


[Site "https://www.chess.com"]

[Event "Titled Tuesday Blitz December 06 Early 2022"]
[White "Kyaw Lay Htaik"]
[Black "Osiecki, Stanislaw"]
[WhiteFideId "13002007"]
[BlackFideId "1102990"]
[WhiteElo "2261"]
[BlackElo "2088"]
[Result "1-0"]
[Round "07"]
[TimeControl "180+1"]
[Date "2022.12.07"]
[WhiteClock "0:01:50"]
[BlackClock "0:02:24"]

1. d4 Nf6 2. Nf3 d6 3. Bf4 g6 4. Nc3 Bg7 5. Qd2 O-O 6. O-O-O Nbd7 7. h3 b6 8. Bh6 Bb7 9. Bxg7 Ne4 10. Nxe4 Kxg7 11. Ng3 c5 12. Qg5 Nf6 13. h4 cxd4 14. Nxd4 Qc7 15. h5 Rfc8 16. hxg6 fxg6 17. Ne6+ 1-0


[Site "https://www.chess.com"]

[Event "Titled Tuesday Blitz December 06 Early 2022"]
[White "Lakshmi C"]
[Black "Bochnicka, Vladimir"]
[WhiteFideId "25035347"]
[BlackFideId "14943450"]
[WhiteElo "1942"]
[BlackElo "2239"]
[Result "0-1"]
[Round "07"]
[TimeControl "180+1"]
[Date "2022.12.07"]
[WhiteClock "0:02:00"]
[BlackClock "0:02:34"]

1. e4 c5 2. Nf3 Nc6 3. d4 cxd4 4. Nxd4 e5 5. Nb5 d6 6. N1c3 a6 7. Na3 Be7 8. Nd5 Nf6 9. Nxf6+ Bxf6 10. Nc4 O-O 11. Nxd6 Be6 12. Bc4 Bxc4 13. Nxc4 Qxd1+ 14. Kxd1 Rad8+ 15. Bd2 Rd4 16. Ne3 Rfd8 17. Nd5 Bg5 18. f4 Bxf4 0-1


[Site "https://www.chess.com"]

[Event "Titled Tuesday Blitz December 06 Early 2022"]
[White "Lauridsen, Jesper Morch"]
[Black "Makhmudov, Shukhrat"]
[WhiteFideId "1401890"]
[BlackFideId "14200775"]
[WhiteElo "2249"]
[BlackElo "2135"]
[Result "1-0"]
[Round "07"]
[TimeControl "180+1"]
[Date "2022.12.07"]
[WhiteClock "0:02:29"]
[BlackClock "0:00:55"]

1. e4 e5 2. Nf3 Nc6 3. Nc3 Nf6 4. d4 exd4 5. Nd5 Nb4 6. Bc4 Nbxd5 7. exd5 Bb4+ 8. Kf1 h6 9. Qd3 O-O 10. g4 Nxg4 11. Rg1 d6 12. h3 Ne5 13. Nxe5 dxe5 14. Bxh6 Qh4 15. Rxg7+ 1-0


[Site "https://www.chess.com"]

[Event "Titled Tuesday Blitz December 06 Early 2022"]
[White "Laylo, Darwin"]
[Black "Bacrot, Etienne"]
[WhiteFideId "5201330"]
[BlackFideId "605506"]
[WhiteElo "2335"]
[BlackElo "2667"]
[Result "1-0"]
[Round "07"]
[TimeControl "180+1"]
[Date "2022.12.06"]
[WhiteClock "0:00:10"]
[BlackClock "0:00:02"]

1. e4 c5 2. Nf3 d6 3. Bb5+ Bd7 4. Bxd7+ Nxd7 5. O-O Ngf6 6. Re1 e6 7. c3 Be7 8. d4 O-O 9. Nbd2 cxd4 10. cxd4 Rc8 11. b3 b5 12. Bb2 Qa5 13. a4 a6 14. axb5 Qxb5 15. Ba3 Rfe8 16. Nc4 Qb8 17. e5 dxe5 18. dxe5 Nd5 19. Bxe7 Rxe7 20. Rxa6 Nc5 21. Ra3 Qb4 22. h3 h6 23. Kh2 Rb7 24. Nfd2 Nd3 25. Rf1 Rbb8 26. Ra7 Qc5 27. Ra5 Qb4 28. Ra4 Qc3 29. Ra7 Nxe5 30. Ne4 Qb4 31. Ra4 Qxa4 32. bxa4 Nxc4 33. Qd4 Rb4 34. Rc1 Ncb6 35. Rxc8+ Nxc8 36. Qc5 Rxe4 37. Qxc8+ Kh7 38. Qc2 f5 39. a5 Nb4 40. Qa4 Nd3 41. Qa3 Nxf2 42. a6 f4 43. Qa1 1-0


[Site "https://www.chess.com"]

[Event "Titled Tuesday Blitz December 06 Early 2022"]
[White "Leve, Nitai"]
[Black "Lawson, Eric"]
[WhiteFideId "2006898"]
[BlackFideId "2604116"]
[WhiteElo "2437"]
[BlackElo "2579"]
[Result "0-1"]
[Round "07"]
[TimeControl "180+1"]
[Date "2022.12.07"]
[WhiteClock "0:00:02"]
[BlackClock "0:00:08"]

1. e4 c5 2. Nf3 Nc6 3. d4 cxd4 4. Nxd4 e5 5. Nb3 d6 6. Nc3 f5 7. Bc4 Nf6 8. Bg5 f4 9. Nd5 Be7 10. Bxf6 Bxf6 11. Qh5+ g6 12. Qh6 a6 13. a4 b6 14. h4 Ra7 15. Nxf6+ Qxf6 16. h5 Rg7 17. O-O-O Ke7 18. Rd3 Nb4 19. Rd2 Bb7 20. f3 Rc8 21. hxg6 hxg6 22. Bd3 Bc6 23. a5 Ba4 24. axb6 Bxb3 25. b7 Rb8 26. cxb3 Rxb7 27. Qh8 Qf8 28. Qh4+ g5 29. Qh6 Qf6 30. Qxf6+ Kxf6 31. Bxa6 Rb6 32. Rh6+ Rg6 33. Rxg6+ Kxg6 34. Bc4 g4 35. fxg4 Kg5 36. Be6 Kh4 37. Bf5 Rc6+ 38. Kd1 Na6 39. Ke2 Nc5 40. b4 Nb3 41. Rd5 Nd4+ 42. Kd3 Kg3 43. g5 Kxg2 44. g6 Rc7 45. b5 f3 46. b6 Rb7 47. Ra5 f2 48. Ra1 f1=Q+ 49. Rxf1 Kxf1 50. Kc4 Rxb6 51. Kd5 Rxb2 52. Be6 Nxe6 53. Kxe6 Rg2 54. Kf7 Ke2 55. g7 Ke3 56. g8=Q Rxg8 57. Kxg8 Kxe4 0-1


[Site "https://www.chess.com"]

[Event "Titled Tuesday Blitz December 06 Early 2022"]
[White "Liu, Xiangyi"]
[Black "Kleiman, Jake"]
[WhiteFideId "8605718"]
[BlackFideId "2020041"]
[WhiteElo "2698"]
[BlackElo "2551"]
[Result "0-1"]
[Round "07"]
[TimeControl "180+1"]
[Date "2022.12.07"]
[WhiteClock "0:00:08"]
[BlackClock "0:00:12"]

1. e4 e5 2. Nf3 Nc6 3. Bc4 Bc5 4. O-O Nf6 5. d3 O-O 6. c3 d5 7. exd5 Nxd5 8. h3 Bf5 9. Bg5 Qd7 10. b4 Bb6 11. b5 Na5 12. Nxe5 Qd6 13. Nf3 Nf4 14. Bxf4 Qxf4 15. Nbd2 Rad8 16. d4 Rd6 17. g3 Qh6 18. h4 c6 19. bxc6 Rxc6 20. Ne5 Rc7 21. Rc1 Rfc8 22. Bxf7+ Rxf7 23. Nxf7 Kxf7 24. Qf3 Qg6 25. Ne4 Kg8 26. Nd6 Rf8 27. Nxf5 Rxf5 28. Qe4 h6 29. Rce1 Kh7 30. g4 Rf6 31. h5 Qxe4 32. Rxe4 Rc6 33. Rc1 Nc4 34. Kg2 Bd8 35. f4 Bf6 36. Re2 Nd6 37. Rec2 b5 38. Kf3 a5 39. Rg2 Bxd4 40. Rgc2 Bf6 41. Ke3 a4 42. Kf3 Rc4 43. Rg1 Ne4 44. Re2 Nxc3 45. g5 Nxe2 46. Kxe2 hxg5 47. fxg5 Be5 48. Rg2 Re4+ 49. Kf3 Rb4 50. Re2 Rf4+ 51. Kg3 Re4+ 52. Kf3 Rxe2 53. Kxe2 b4 54. Kd3 b3 55. axb3 axb3 56. Kd2 Kg8 0-1


[Site "https://www.chess.com"]

[Event "Titled Tuesday Blitz December 06 Early 2022"]
[White "Manon-og, Ramon Jr."]
[Black "Terzi, Alexei"]
[WhiteFideId "5200776"]
[BlackFideId "13505076"]
[WhiteElo "2359"]
[BlackElo "2547"]
[Result "1-0"]
[Round "07"]
[TimeControl "180+1"]
[Date "2022.12.07"]
[WhiteClock "0:00:18"]
[BlackClock "0:00:02"]

1. e4 e6 2. d4 d5 3. Nd2 c5 4. Ngf3 Nc6 5. Bb5 Nf6 6. e5 Nd7 7. c3 Qb6 8. Bxc6 bxc6 9. O-O cxd4 10. cxd4 c5 11. dxc5 Bxc5 12. Nb3 Be7 13. Be3 Qa6 14. Bg5 Bf8 15. Qd2 Bb7 16. h3 h6 17. Bh4 Rc8 18. Rfc1 Rxc1+ 19. Qxc1 g5 20. Bg3 Bg7 21. Qc7 Qc6 22. Rc1 Qb6 23. Qxb6 axb6 24. Rc7 Ba6 25. Ra7 Nb8 26. Nbd4 O-O 27. b4 Bc4 28. a4 Rc8 29. Ra8 Bf8 30. b5 Bg7 31. Nc6 Kh7 32. Rxb8 Rc7 33. Rxb6 Bf8 34. a5 Bc5 35. Rb8 d4 36. Nfxd4 Kg6 37. b6 Rd7 38. Nf3 Bd5 39. Ncd4 Rb7 40. Rc8 Bb4 41. a6 Rxb6 42. a7 Ra6 43. Nb5 Ba5 44. Rg8+ Kh7 45. Rb8 Bb6 46. Nd6 Kg7 47. Ne8+ Kg6 48. Nf6 Bxa7 49. Rg8+ Kf5 50. Kh2 Bxf3 51. gxf3 Ra2 52. Ng4 Bxf2 53. Nxh6# 1-0


[Site "https://www.chess.com"]